 Dungeon Crawl Stone Soup version 0.31-a0-236-g9a0961fb85 (webtiles) character file.

Game seed: 9746287276624518441

35 qw the Shooter (level 3, -3/21 HPs)
             Began as a Gargoyle Hexslinger on July 9, 2023.
             Killed from afar by a white imp (4 damage)
             ... with a puff of frost
             ... summoned by Eustachio
             ... on level 4 of the Dungeon.
             The game lasted 00:00:24 (1401 turns).

qw the Shooter (Gargoyle Hexslinger)                Turns: 1401, Time: 00:00:24

Health: -3/21      AC:  8    Str: 11    XL:     3   Next: 33%
Magic:  4/4        EV: 10    Int: 13    God:
Gold:   61         SH:  0    Dex: 14    Spells: 3/4 levels left

rFire   . . .        Y - +1 sling
rCold   . . .        (no shield)
rNeg    + . .        f - +0 ring mail
rPois   inf          (no helmet)
rElec   +            (no cloak)
rCorr   .            (no gloves)
SInv    .            (no boots)
Will    .....        (no amulet)
Stlth   +            (no ring)
HPRegen 0.23/turn    (no ring)
MPRegen 0.09/turn

%: no passive effects
@: no status effects
A: sickness immunity, AC +3, negative energy resistance 1, electricity
resistance, torment resistance 1, petrification resistance
a: no special abilities


You were on level 4 of the Dungeon.
You visited 1 branch of the dungeon, and saw 3 of its levels.

You collected 61 gold pieces.


Innate Abilities, Weirdness & Mutations

You are immune to sickness and miasma.
Your stone body is resilient. (AC +3)
You are immune to poison.
You resist negative energy. (rN+)
You are resistant to electric shocks. (rElec)
You are resistant to unholy torment.
You are immune to petrification.


   Skills:
 - Level 2.1 Fighting
 + Level 3.2 Ranged Weapons
 - Level 1.5 Dodging
 - Level 1.0 Spellcasting
 - Level 2.6 Hexes


You had 3 spell levels left.
You knew the following spells:

 Your Spells              Type           Power      Damage    Failure   Level
a - Slow                  Hex            28%        N/A       22%         1

Your spell library contained the following spells:

 Spells                   Type           Power      Damage    Failure   Level
 Inner Flame              Hex/Fire       4%         N/A       75%         3
 Portal Projectile        Hex/Tloc       8%         N/A       75%         3
 Cause Fear               Hex            3%         N/A       92%         4

Inventory:

Hand Weapons
 Y - a +1 sling (weapon)
Armour
 f - a +0 ring mail (worn)
Scrolls
 a - a scroll of vulnerability {unknown}
Potions
 h - a potion of heal wounds {unknown}

Dungeon Overview and Level Annotations

Branches:
Dungeon (4/15)
 Temple: D:4-7

Altars:

Annotations:
D:4 Eustachio


Message History

You shoot a sling bullet.
The sling bullet barely misses the white imp.
The bat misses you. The river rat barely misses you.
The rat bites you but does no damage. Eustachio hits you with a +0 rapier.
The hobgoblin closely misses you. The white imp closely misses you.
The river rat closely misses you. The rat closely misses you.
The rat barely misses you. Eustachio hits you with a +0 rapier.
The hobgoblin barely misses you.
You shoot a sling bullet.
The sling bullet closely misses the white imp.
The bat barely misses you. The white imp closely misses you.
The bat hits you but does no damage.
The river rat bites you but does no damage.
The rat closely misses you. The rat bites you. Eustachio barely misses you.
The hobgoblin barely misses you.
The white imp hits you but does no damage.
You shoot a sling bullet. The sling bullet hits the white imp.
The white imp is severely wounded.
The bat hits you but does no damage. The river rat misses you.
The rat completely misses you. The rat barely misses you.
Eustachio barely misses you.
The hobgoblin hits you but does no damage.
The white imp closely misses you. The rat misses you. The river rat bites you.
You shoot a sling bullet.
The sling bullet barely misses the white imp.
The rat barely misses you. Eustachio hits you but does no damage.
The bat barely misses you.
The hobgoblin hits you but does no damage.
The white imp closely misses you. The river rat closely misses you.
The rat closely misses you. The rat bites you but does no damage.
Eustachio closely misses you. The hobgoblin misses you.
You shoot a sling bullet.
The sling bullet closely misses the white imp.
The bat barely misses you. The white imp barely misses you.
The rat bites you but does no damage. The river rat bites you.
The rat barely misses you. Eustachio hits you with a +0 rapier.
The hobgoblin hits you but does no damage.
The white imp gestures at you. The puff of frost hits you.
You die...

.. ...... ... ##.....
.... #.....
?...###.... ##........
.# ......... ...
......rg######..#
......r@..b...........
......5r@.....#......#
.....................#
.....................#
....##.....%.........#
#... #...............
#.. #...........# #.
#...........#
...............#


You could see Eustachio, a river rat (summoned), a white imp (summoned), a
hobgoblin, a bat (summoned) and 2 rats.

Vanquished Creatures
  An adder (D:2)
  A worm (D:2)
  4 ball pythons
  2 endoplasms
  4 goblins
  A kobold (D:1)
  A quokka (D:4)
  A bat (D:1)
  A frilled lizard (D:2)
  7 rats
23 creatures vanquished.

Notes
Turn   | Place    | Note
-------+----------+-------------------------------------------
     0 | D:1      | qw the Gargoyle Hexslinger began the quest for the Orb.
     0 | D:1      | Reached XP level 1. HP: 12/12 MP: 2/2
     0 | D:1      | 0 ||| qw: Version: 0.3-a-51-g015441d
     0 | D:1      | 0 ||| qw: Game counter: 4404
     0 | D:1      | 0 ||| qw: Melee chars always use a shield: true
     0 | D:1      | 0 ||| qw: God list: Okawaru
     0 | D:1      | 0 ||| qw: Allow faded altars: false
     0 | D:1      | 0 ||| qw: Do Orc after clearing Dungeon:15 true
     0 | D:1      | 0 ||| qw: Do second Lair branch before Depths: true
     0 | D:1      | 0 ||| qw: Lair rune preference: random
     0 | D:1      | 0 ||| qw: Goals: Normal
     0 | D:1      | 0 ||| PLANNING D:1-11
   298 | D:1      | HP: 3/12 [goblin/+0 club (3)]
   299 | D:1      | HP: 1/12 [goblin/+0 club (2)]
   302 | D:1      | Reached XP level 2. HP: 2/16 MP: 3/3
   586 | D:1      | Found a faded altar of an unknown god.
   914 | D:1      | Reached skill level 3 in Ranged Weapons
  1039 | D:1      | 1039 ||| UPGRADING to +0 ring mail.
  1049 | D:1      | 1049 ||| DROPPING +0 robe.
  1050 | D:1      | 1050 ||| READING scroll labelled XEUSTE VUATUXA.
  1051 | D:1      | 1051 ||| READING scroll labelled LEGUNU ETILO.
  1052 | D:1      | 1052 ||| READING scroll labelled QEKLAL PUJAS.
  1053 | D:1      | 1053 ||| DROPPING scroll of poison.
  1157 | D:2      | Reached XP level 3. HP: 13/21 MP: 4/4
  1164 | D:2      | 1164 ||| FLEEEEING.
  1166 | D:2      | 1166 ||| STAIRDANCE
  1364 | D:2      | You fall into a shaft and drop 2 floors!
  1384 | D:4      | Noticed Eustachio
  1401 | D:4      | HP: 5/21 [river rat[Eustachio] (5)]
  1401 | D:4      | HP: 1/21 [Eustachio/+0 rapier (4)]
  1401 | D:4      | Killed from afar by a white imp

Levels and vault maps discovered:
D:1:      dpeg_chamrin_arrival_tetris, layout_basic,
          chequers_ecumenical_altar_simple
D:2:      layout_loops_ring, minmay_tetromino_l2, uniq_sigmund
D:4:      layout_basic, nicolae_hepliaklqana_hazy_memory,
          hangedman_decor_points, uniq_robin, uniq_eustachio, uniq_grinder

Skill      XL: |  1  2 |
---------------+-------+-----
Ranged Weapons | 3 |  3.2
Fighting       | 2 |  2.1
Dodging        | |  1.5
Spellcasting   | |  1.0
Hexes          | |  2.6

Action                     || total
---------------------------++-------
   Fire: Sling             ||   100
    Use: Scroll            ||     3
 Armour: Robe              ||     2
         Ring mail         ||    39
  Dodge: Dodged            ||    57

Table legend:
 A = Non-vault XP
 B = Vault XP
 C = Vault XP percentage of total XP
 D = Non-vault monster count
 E = Vault monster count
 F = Vault count percentage of total count
                 A         B        C        D         E       F
            +---------+---------+-------+---------+---------+-------
      Total |      50 |       0 |   0.0 |      23 |       0 |   0.0
            +---------+---------+-------+---------+---------+-------
        D:1 |      20 |       0 |   0.0 |      13 |       0 |   0.0
        D:2 |      26 |       0 |   0.0 |       8 |       0 |   0.0
        D:4 |       4 |       0 |   0.0 |       2 |       0 |   0.0
            +---------+---------+-------+---------+---------+-------
